 Dungeon Crawl Stone Soup version 0.26.0-16-gc1dbca0489 (webtiles) character file.

Game seed: 8555212834330679342

267 Delamore the Shield-Bearer (level 6, -1/39 HPs)
             Began as a Gargoyle Fighter on Jan 21, 2021.
             Slain by a killer bee (5 damage)
             ... on level 8 of the Dungeon.
             The game lasted 00:03:30 (2514 turns).

Delamore the Shield-Bearer (Gargoyle Fighter)       Turns: 2514, Time: 00:03:30

Health: -1/39      AC: 12    Str: 24    XL:     6   Next: 21%
Magic:  0/6        EV:  8    Int:  8    God:
Gold:   109        SH: 10    Dex:  9    Spells: 5/5 levels left

rFire    . . .     SeeInvis .   a - +0 flail
rCold    . . .     Faith    .   c - +0 kite shield
rNeg     + . .     Spirit   +   b - +0 scale mail
rPois    ∞         Reflect  .   (no helmet)
rElec    +         Harm     .   i - +0 cloak
rCorr    .         Rampage  .   (no gloves)
Will     .....                  (no boots)
Stlth    ..........             g - amulet of guardian spirit
HPRegen  0.13/turn              (no ring)
MPRegen  0.10/turn              (no ring)

@: about to teleport
A: negative energy resistance 1, electricity resistance, strong 1, unbreathing,
petrification resistance, miasma immunity, sturdy frame 1, AC +4
a: no special abilities


You were on level 8 of the Dungeon.
You visited 1 branch of the dungeon, and saw 6 of its levels.

You collected 109 gold pieces.

Inventory:

Hand Weapons
 a - a +0 flail (weapon)
Missiles
 j - 29 poisoned darts (quivered)
Armour
 b - a +0 scale mail (worn)
 c - a +0 kite shield (worn)
 i - a +0 cloak (worn)
Jewellery
 g - an amulet of guardian spirit (around neck)
Scrolls
 e - 2 scrolls of blinking {unknown}
 f - a scroll of amnesia {unknown}
 k - 3 scrolls of remove curse {unknown}
 l - a scroll of teleportation
 m - 2 scrolls of identify {unknown}
 n - 2 scrolls of enchant armour {unknown}
 o - a scroll of immolation {unknown}
 p - a scroll of magic mapping {unknown}
Potions
 d - 2 potions of might
 h - 2 potions of mutation


   Skills:
 + Level 4.7 Fighting
 + Level 3.6 Maces & Flails
 + Level 2.0 Throwing
 - Level 3.2 Armour
 + Level 4.7 Shields


You had 5 spell levels left.
You didn't know any spells.
Your spell library contained the following spells:

 Spells                   Type           Power        Failure   Level
 Summon Small Mammal      Summ           0%           96%         1
 Call Imp                 Summ           0%           99%         2
 Call Canine Familiar     Summ           0%           100%        3
 Summon Guardian Golem    Hex/Summ       0%           100%        3
 Summon Ice Beast         Ice/Summ       0%           100%        4
 Summon Lightning Spire   Summ/Air       0%           100%        4


Dungeon Overview and Level Annotations

Branches:
Dungeon (8/15)
 Temple: D:4-7         Lair: D:8-11

Altars:

Annotations:
D:8 Harold


Innate Abilities, Weirdness & Mutations

You are resistant to torment.
Your stone body is resilient. (AC +4)
You are immune to poison.
You resist negative energy. (rN+)
You are resistant to electric shocks. (rElec)
You can survive without breathing.
You are immune to petrification.
You are immune to miasma.
Your muscles are strong. (Str +2)
Your movements are slightly less encumbered by armour. (ER -2)


Message History

* * * LOW HITPOINT WARNING * * *
The killer bee stings you.
* * * LOW HITPOINT WARNING * * *
You block the killer bee's attack.
The killer bee stings you but does no damage.
A yak comes into view.
The yak bellows!
You hear a bellow! x3
You block the killer bee's attack. The killer bee stings you.
* * * LOW HITPOINT WARNING * * *
You hear a bellow!
You hear an angry hiss.
You hear a shout!
As you read the scroll labelled EMASHR HOPPO, it crumbles to dust.
You feel strangely unstable.
It was a scroll of teleportation.
The killer bee stings you but does no damage.
The killer bee barely misses you. The killer bee completely misses you.
The killer bee stings you but does no damage.
It was a potion of mutation.
You feel extremely strange.
You feel stronger.
You feel less encumbered by your armour.
The killer bee stings you.
You die...

.. #.###.###.####
##.#.......#@...#
........>.#.##.#####
#.##.#....#..$.....#
#.##o..#o.#.#(####.#
#....#@...#.#.(....#
#...y.F##.#.#.#.#.##
#.yoy#.# .#.#.#<....
#.y@y### .#.#.###.##
#....Y..#.#.#). ...
#.###.#.# #.#.. ##
#. .# # #$# # ## ..


You could see Harold, a yak, a bullfrog, 5 killer bees, an orc priest, an orc
wizard and an orc.

Vanquished Creatures
  A gnoll shaman (D:3)
  Jessica (D:1)
  Terence (D:2)
  A worker ant (D:3)
  3 adders
  5 gnolls
  An ooze (D:3)
  2 worms
  4 leopard geckos
  3 orcs
  12 bats
  8 giant cockroaches
  5 hobgoblins
  5 jackals
  4 kobolds
  A quokka (D:3)
  4 frilled lizards
  9 goblins
  4 rats
74 creatures vanquished.

Notes
Turn   | Place    | Note
-------+----------+-------------------------------------------
     0 | D:1      | Delamore the Gargoyle Fighter began the quest for the Orb.
     0 | D:1      | Reached XP level 1. HP: 14/14 MP: 1/1
   221 | D:1      | Reached XP level 2. HP: 13/19 MP: 2/2
   719 | D:1      | Reached XP level 3. HP: 24/24 MP: 3/3
  1297 | D:2      | Noticed Jessica
  1314 | D:1      | Killed Jessica
  1315 | D:1      | Reached XP level 4. HP: 12/29 MP: 4/4
  1562 | D:2      | Noticed Terence
  1571 | D:2      | Killed Terence
  1572 | D:2      | Reached skill level 1 in Throwing
  1694 | D:2      | Reached XP level 5. HP: 33/33 MP: 5/5
  2316 | D:3      | Reached XP level 6. HP: 24/39 MP: 2/6
  2474 | D:4      | You fall into a shaft and drop 3 floors!
  2475 | D:7      | Noticed a sky beast
  2479 | D:7      | Noticed Harold
  2479 | D:7      | Noticed a black bear
  2512 | D:8      | Noticed a yak
  2514 | D:8      | Gained mutation: Your muscles are strong. (Str +2) [potion
                  | of mutation]
  2514 | D:8      | Gained mutation: Your movements are slightly less
                  | encumbered by armour. (ER -2) [potion of mutation]
  2514 | D:8      | Slain by a killer bee

Illustrated notes

Levels and vault maps discovered:
D:1:      erik_arrival_cave_to_civilisation [erik_arrival_cave_to_hall],
          layout_loops_ring
D:2:      layout_rooms, minmay_worlds_worst_comb, uniq_jessica, uniq_terence
D:3:      layout_rooms
D:4:      layout_loops_ring
D:7:      layout_loops_ring, dancing_weapons_uskayaw,
          nicolae_overflow_hidden_temple, serial_shops, shop, uniq_harold
D:8:      layout_basic, old_standard_altar, uniq_joseph

Skill      XL: |  1  2  3  4  5  6 |
---------------+-------------------+-----
Fighting       | 4 |  4.7
Shields        | 4 |  4.7
Maces & Flails | 3 |  3.6
Throwing       | 1 2 |  2.0
Armour         | |  3.2

Action                   |  1- 3 |  4- 6 || total
-------------------------+-------+-------++-------
Melee: Flail             |   150 |   185 ||   335
Throw: Dart              |       |     8 ||     8
  Use: Scroll            |       |     1 ||     1
       Potion            |       |     1 ||     1
Armor: Scale mail        |   101 |   125 ||   226
Dodge: Dodged            |    48 |    77 ||   125
Block: Kite shield       |   102 |   126 ||   228
